 Dungeon Crawl Stone Soup version 0.22.1-2-g9c5b331 (webtiles) character file.

783 LORDOFBUTT the Skirmisher (level 7, -4/64 HPs)
             Began as a Minotaur Berserker on Nov 23, 2018.
             Was a Priest of Trog.
             Slain by Grinder (6 damage)
             ... while paralysed by Grinder
             ... on level 5 of the Dungeon.
             The game lasted 00:06:06 (3288 turns).

LORDOFBUTT the Skirmisher (Minotaur Berserker)      Turns: 3288, Time: 00:06:07

Health: -4/64      AC: 10    Str: 24    XL:     7   Next: 55%
Magic:  6/6        EV:  2    Int:  4    God:    Trog [***...]
Gold:   190        SH:  0    Dex:  9    Spells: 6/6 levels left

rFire    . . .     SeeInvis .   p - +0 war axe
rCold    . . .     Gourm    .   (no shield)
rNeg     . . .     Faith    .   g - +0 chain mail
rPois    .         Spirit   .   (helmet restricted)
rElec    .         Reflect  .   (no cloak)
rCorr    .         Harm     .   (no gloves)
MR       .....                  (no boots)
Stlth    ..........             (no amulet)
HPRegen  0.20/turn              (no ring)
MPRegen  0.10/turn              (no ring)

@: paralysed, berserk cooldown, slowed
A: retaliatory headbutt, horns 2
a: Berserk, Trog's Hand, Renounce Religion


You were on level 5 of the Dungeon.
You worshipped Trog.
Trog was most pleased with you.
You were not hungry.

You visited 1 branch of the dungeon, and saw 5 of its levels.

You collected 190 gold pieces.

Inventory:

Hand Weapons
 p - a +0 war axe (weapon)
Armour
 g - a +0 chain mail (worn)
Scrolls
 a - 2 scrolls of identify {unknown}
 b - a scroll of remove curse {unknown}
 d - a scroll of fear {unknown}
 f - a scroll of fog {unknown}
 h - 3 scrolls of enchant armour {unknown}
 k - a scroll of blinking {unknown}
 n - a scroll of amnesia {unknown}
 o - 2 scrolls of teleportation {unknown}
 r - 2 scrolls of magic mapping {unknown}
Potions
 e - a potion of curing
 i - 4 potions of ambrosia {unknown}
 j - a potion of might {unknown}
 l - a potion of brilliance {unknown}
 m - a potion of lignification {unknown}
 q - 2 potions of agility {unknown}
 s - a potion of magic {unknown}
Comestibles
 c - 6 rations


   Skills:
 + Level 6.3 Fighting
 + Level 6.2 Axes
 + Level 5.5 Armour
 + Level 4.9 Dodging


You had 6 spell levels left.
You didn't know any spells.
Your spell library was empty.

Dungeon Overview and Level Annotations

Branches:
Dungeon (5/15)
 Temple: D:4-7

Altars:
Uskayaw
Vehumet
Zin

Shops:
D:4 }

Annotations:
D:4 3 runed doors, DCrawler215's ghost, amateur MiFi; WhitewaterBastard's ghost, amateur DsMo; Wizardfrog's ghost, amateur DDFi; roflc0ptic's ghost, amateur DECj
D:5 Grinder


Innate Abilities, Weirdness & Mutations

You reflexively headbutt those who attack you in melee.
You have a pair of horns on your head.


Message History

You are no longer berserk.
You feel yourself slow down.
Grinder blinks!
You can move again.
Unknown command.
You slash the giant cockroach!
You kill the giant cockroach!
Trog accepts your kill. Grinder gestures at you.
You resist with significant effort.
You hear a distant slurping noise.
Grinder blinks!
Grinder gestures at you.
You suddenly lose the ability to move!
Grinder hits you.
* * * LOW HITPOINT WARNING * * *
You writhe in agony.
* * * LOW HITPOINT WARNING * * *
Grinder hits you.
You die...

#.........
#.........
#.........
#.........
##......###+#
#............
#............
#..5.........
#..@...<.....
#............
#............
#...>........
#............
#............
#############


You could see Grinder.

Vanquished Creatures
  Menkaure (D:5)
  A phantom (D:4)
  An ogre (D:4)
  A howler monkey (D:4)
  An orc priest (D:4)
  5 orc wizards
  An iguana (D:4)
  Natasha (D:4)
  A worker ant (D:4)
  7 adders
  4 gnolls (D:2)
  An ooze (D:3)
  An adder zombie (D:5)
  2 adder skeletons (D:4)
  3 worms
  A dart slug (D:1)
  A leopard gecko (D:5)
  19 orcs
  5 giant cockroaches
  A goblin (D:1)
  4 hobgoblins
  A quokka (D:3)
  A ball python (D:4)
  6 bats
  A frilled lizard (D:1)
  5 kobolds
  A leopard gecko skeleton (D:4)
  7 rats
84 creatures vanquished.

Notes
Turn   | Place    | Note
-------+----------+-------------------------------------------
     0 | D:1      | LORDOFBUTT the Minotaur Berserker began the quest for the
                  | Orb.
     0 | D:1      | Reached XP level 1. HP: 19/19 MP: 0/0
   345 | D:1      | Reached XP level 2. HP: 27/27 MP: 1/1
   642 | D:2      | Found a radiant altar of Vehumet.
   656 | D:2      | Reached XP level 3. HP: 15/33 MP: 2/2
   871 | D:2      | Reached XP level 4. HP: 37/41 MP: 3/3
  1001 | D:2      | Reached ** piety under Trog
  1091 | D:2      | Found a hide-covered altar of Uskayaw.
  1210 | D:3      | Reached XP level 5. HP: 38/47 MP: 4/4
  1655 | D:3      | Found a glowing silver altar of Zin.
  1966 | D:4      | Reached skill level 5 in Fighting
  2007 | D:4      | Reached skill level 5 in Axes
  2181 | D:4      | Noticed a phantom
  2210 | D:4      | Killed a phantom
  2210 | D:4      | Reached XP level 6. HP: 19/56 MP: 5/5
  2741 | D:4      | Noticed Natasha
  2741 | D:4      | Reached *** piety under Trog
  2741 | D:4      | Reached XP level 7. HP: 60/62 MP: 6/6
  2754 | D:4      | Killed Natasha
  2754 | D:4      | Reached skill level 5 in Armour
  2830 | D:4      | Found Tumaqo's Gadget Boutique.
  3063 | D:4      | Found a runed gate.
  3065 | D:4      | Found a runed gate.
  3065 | D:4      | Noticed roflc0ptic's ghost (amateur DECj)
  3065 | D:4      | Noticed roflc0ptic's ghost (amateur DECj)
  3066 | D:4      | Noticed DCrawler215's ghost (amateur MiFi)
  3067 | D:4      | Found a runed gate.
  3069 | D:4      | Noticed WhitewaterBastard's ghost (amateur DsMo)
  3069 | D:4      | Noticed Wizardfrog's ghost (amateur DDFi)
  3124 | D:5      | Entered Level 5 of the Dungeon
  3124 | D:5      | Noticed Menkaure
  3152 | D:5      | Killed Menkaure
  3255 | D:5      | Noticed Grinder
  3261 | D:5      | Paralysed by Grinder for 6 turns
  3277 | D:5      | Paralysed by Grinder for 5 turns
  3286 | D:5      | Paralysed by Grinder for 3 turns
  3287 | D:5      | HP: 3/64 [Grinder (4)]
  3288 | D:5      | Slain by Grinder

Skill      XL: |  1  2  3  4  5  6  7 |
---------------+----------------------+-----
Fighting       | 4 5 6 |  6.3
Axes           | 4 5 6 |  6.2
Armour         | 3 4 5 |  5.5
Dodging        | 3 4 |  4.9

Action                   |  1- 3 |  4- 6 |  7- 9 || total
-------------------------+-------+-------+-------++-------
Melee: Hand axe          |    49 |    55 |       ||   104
       Headbutt          |     5 |    29 |    11 ||    45
       War axe           |       |    79 |    38 ||   117
Invok: Berserk           |     1 |     3 |     1 ||     5
  Use: Potion            |       |     1 |       ||     1
  Eat: Chunk             |     1 |     6 |       ||     7
       Ration            |       |     1 |     1 ||     2
Armor: Chain mail        |    34 |    55 |    14 ||   103
       Animal skin       |     1 |       |       ||     1
Dodge: Dodged            |    22 |    53 |    24 ||    99
